 Dungeon Crawl Stone Soup version 0.30-a0-691-g754fce4c43 (webtiles) character file.

Game seed: 4777602642119895666

189 Orangeyouglad the Trooper (level 5, 0/55 HPs)
             Began as an Ogre Gladiator on Jan 19, 2023.
             Was a Priest of Cheibriados.
             Slain by a gnoll bouda
             ... wielding a +0 flail
              (7 damage)
             ... on level 3 of the Dungeon.
             The game lasted 00:07:11 (1861 turns).

Orangeyouglad the Trooper (Ogre Gladiator)          Turns: 1861, Time: 00:07:11

Health: 0/55       AC:  3    Str: 34    XL:     5   Next: 68%
Magic:  2/5        EV: 16    Int: 17    God:    Cheibriados [***...]
Gold:   178        SH:  0    Dex: 18    Spells: 4/4 levels left

rFire   + . .      SeeInvis .    a - +0 quarterstaff
rCold   + . .      Faith    .    (shield currently unavailable)
rNeg    . . .      Spirit   .    b - +0 robe
rPois   .          Reflect  .    c - +0 hat
rElec   .          Harm     .    g - scarf {rC+ rF+}
rCorr   .          Rampage  .    (gloves unavailable)
Will    .....                    (boots unavailable)
Stlth   ++                       (no amulet)
HPRegen 0.29/turn                k - +5 ring of evasion
MPRegen 0.09/turn                u - +6 ring of strength

@: weakened, very slow
A: large, unfitting armour, tough skin 1
a: Renounce Religion, Bend Time, Temporal Distortion


You were on level 3 of the Dungeon.
You worshipped Cheibriados.
Cheibriados was most pleased with you.
You visited 1 branch of the dungeon, and saw 3 of its levels.

You collected 178 gold pieces.

Inventory:

Hand Weapons
 a - a +0 quarterstaff (weapon)
Missiles
 d - a throwing net (quivered)
Armour
 b - a +0 robe (worn)
 c - a +0 hat (worn)
 g - a scarf of resistance (worn)
Magical Staves
 n - a staff of fire
Jewellery
 k - a +5 ring of evasion (left hand)
 p - a ring of protection from cold
 u - a +6 ring of strength (right hand)
Scrolls
 e - a scroll of identify {unknown}
 f - a scroll of magic mapping {unknown}
 h - a scroll of noise {unknown}
 i - a scroll of amnesia {unknown}
 m - a scroll of immolation {unknown}
 o - a scroll of vulnerability {unknown}
 r - a scroll of fear {unknown}
Potions
 j - a potion of mutation {unknown}
 l - a potion of haste {unknown}
 q - a potion of cancellation {unknown}
 s - a potion of invisibility {unknown}
 t - a potion of flight {unknown}
 v - a potion of might {unknown}


   Skills:
 + Level 4.4 Fighting
 + Level 4.0 Staves
 - Level 3.0 Throwing
 + Level 3.6 Dodging
 + Level 1.0 Invocations


You had 4 spell levels left.
You didn't know any spells.
Your spell library contained the following spells:

 Spells                   Type           Power      Damage    Failure   Level
 Sublimation of Blood     Necr           0%         N/A       34%         2
 Petrify                  Tmut/Erth      0%         N/A       93%         4
 Irradiate                Conj/Tmut      0%         3d11      100%        5


Dungeon Overview and Level Annotations

Branches:
Dungeon (3/15)

Altars:
Cheibriados


Innate Abilities, Weirdness & Mutations

You are too large for most types of armour.
You have tough skin. (AC +1)


Message History

The gnoll barely misses you. The gnoll closely misses you.
The gnoll completely misses you.
The gnoll bouda hits you but does no damage.
You fail to use your ability.
The gnoll shouts!
The gnoll closely misses you. The gnoll barely misses you. x2
The gnoll misses you.
The gnoll bouda hits you with a +0 flail!
Okay, then.
You sock the gnoll!
You kill the gnoll!
Cheibriados thoroughly appreciates the change of pace.
Cheibriados raises the support of your attributes as your movement slows.
The gnoll closely misses you. x2
The gnoll hits you from afar with a +0 spear.
The gnoll bouda barks out a call to the hunt!
The gnoll picks up the pace!
The gnoll closely misses you.
Your Invocations skill increases to level 1!
The gnoll bouda attacks as you move away!
The gnoll bouda barely misses you.
The gnoll bouda gazes fiercely through you!
You feel as though you will be weak longer.
Things that are here:
a +0 club; 29 gold pieces; a gnoll corpse You barely miss the gnoll.
The gnoll hits you from afar with a +0 halberd!
* * * LOW HITPOINT WARNING * * *
The gnoll bouda hits you with a +0 flail.
* * * LOW HITPOINT WARNING * * *
The gnoll closely misses you. The gnoll barely misses you.
Okay, then.
Okay, then.
The flow of time bends around you.
Cheibriados rebukes the gnoll.
The gnoll seems to slow down.
Cheibriados rebukes the gnoll bouda.
The gnoll bouda seems to slow down.
The gnoll bouda hits you with a +0 flail!
You die...

.#
#..###.#.#.................
.. .....#
#.#.#.#.....##........
...##.##
#.#.#.#####.##..#..... ...
... .....<.........##.....
## ##.#
##....[####.##.##..... #.
#...g.# #.##.##..... #.
#..#g#####.#..##.....
#g##......###.....
#@#..##)#####.....
#g#.#.............
#.#.#.............
#)#.#.............
#...#........##...
#..############.). ...>##
#... ####.. #... #.# .o..


You could see a gnoll bouda (slow) and 3 gnolls.

Vanquished Creatures
  An orc wizard (D:3)
  4 gnolls (D:3)
  6 adders
  A worm (D:3)
  5 orcs (D:3)
  6 endoplasms
  2 giant cockroaches (D:2)
  4 goblins
  5 hobgoblins
  7 jackals
  3 quokkas (D:2)
  4 ball pythons
  2 bats
  5 frilled lizards
  7 kobolds
  4 rats
66 creatures vanquished.

Vanquished Creatures (others)
  22 plants (D:3)
22 creatures vanquished.

Grand Total: 88 creatures vanquished

Notes
Turn   | Place    | Note
-------+----------+-------------------------------------------
     0 | D:1      | Orangeyouglad the Ogre Gladiator began the quest for the
                  | Orb.
     0 | D:1      | Reached XP level 1. HP: 22/22 MP: 1/1
    80 | D:1      | Reached XP level 2. HP: 27/29 MP: 2/2
   274 | D:1      | Found a faded altar of an unknown god.
   288 | D:1      | Prayed at the altar of an unknown god.
   288 | D:1      | Became a worshipper of Cheibriados the Contemplative
   288 | D:1      | Reached * piety under Cheibriados
   624 | D:1      | Reached XP level 3. HP: 32/37 MP: 3/3
   968 | D:2      | Reached ** piety under Cheibriados
  1201 | D:2      | Reached XP level 4. HP: 46/46 MP: 4/4
  1652 | D:3      | Reached *** piety under Cheibriados
  1653 | D:3      | Reached XP level 5. HP: 49/54 MP: 5/5
  1859 | D:3      | Reached skill level 1 in Invocations
  1861 | D:3      | Slain by a gnoll bouda

Illustrated notes

Levels and vault maps discovered:
D:1:      dpeg_arrival_connections, layout_rooms, serial_co_window_serial,
          co_window_corner_a, co_window_corner_a, co_window_cross_1,
          co_window_paths_a, co_window_of_opportunity_a, co_window_corner_cb,
          co_window_corner_ca, co_window_corner_ca, co_window_broadway_b,
          co_window_unsneaky_path_e, glass_columns_c, glass_columns_c,
          glass_columns_a, glass_columns_a, ebering_ecumenical_altar_webs
D:2:      layout_loops_ring
D:3:      layout_basic, nicolae_grassy_gnolls

Skill      XL: |  1  2  3  4  5 |
---------------+----------------+-----
Fighting       | 3 4 |  4.4
Dodging        | 3 |  3.6
Throwing       | 3 |  3.0
Staves         | 4 |  4.0
Invocations    | 1 |  1.0

Action                   |  1- 3 |  4- 6 || total
-------------------------+-------+-------++-------
Melee: Quarterstaff      |    85 |    91 ||   176
Throw: Large rock        |     6 |       ||     6
       Throwing net      |     2 |     1 ||     3
Invok: Bend Time         |       |     1 ||     1
 Stab: Sleeping          |     1 |     2 ||     3
       Held in net/web   |     1 |       ||     1
Armor: Robe              |    18 |    19 ||    37
Dodge: Dodged            |    47 |   118 ||   165

Table legend: (Time is in decaauts)
 A = Elapsed time spent in this place.
 B = Non-inter-level travel time spent in this place.
 C = Inter-level travel time spent in this place.
 D = Time resting spent in this place.
 E = Time spent auto-exploring this place.
 F = Levels seen in this place.
 G = Mean time per level.
                   A        B        C        D        E       F      G
               +--------+--------+--------+--------+--------+-----+--------+
         Total |   2481 |   2417 |     64 |      0 |   1722 |   3 |  827.0 |
       Dungeon |   2481 |   2417 |     64 |      0 |   1722 |   3 |  827.0 |
               +--------+--------+--------+--------+--------+-----+--------+

Top non-repeatable levels by time:
     D:1: 1141 daAuts
     D:2: 1050 daAuts
     D:3: 289 daAuts
